Workbook
Name Close_date: 'Position Report'!$M:$M
Name Closed_Date: #REF!
Name Cumul: #REF!
Name Currency: DDEJFOREX!$L$2
Name Currency_dde: DDEJFOREX!$L$2
Name Currency_deposit: 'Deposit Log'!$C:$C
Name Deposit: 'Deposit Log'!$E:$E
Name Instruments: DDEJFOREX!$A$3:$I$23
Name LongorShort: DDEJFOREX!$O$2:$O$3
Name Open_date: 'Position Report'!$L:$L
Name Side: 'Position Report'!$B:$B
Name yesno: DDEJFOREX!$N$2:$N$3

Sheet Dashboard
A1: Dashboard - Dukascopy Swiss FX
A3: Account
A4: Account currency: | B4: =DDEJFOREX!L2 -> EUR | C4: =CONCATENATE("Total Deposit in ",Currency) -> Total Deposit in EUR | D4: =SUM(Deposit) -> 100000 | E4: =CONCATENATE("Base Equity in ",Currency) -> Base Equity in EUR | F4: =DDEJFOREX!L3 -> 100000 | G4: =CONCATENATE("Balance in ",Currency) -> Balance in EUR | H4: =DDEJFOREX!L4 -> 100000
A5: Leverage | B5: =DDEJFOREX!L5 -> 100 | C5: =CONCATENATE("Total PL in ",Currency) -> Total PL in EUR | D5: =SUM('Position Report'!J:J) -> 0 | E5: Total P/L % | F5: =(D5/D4) -> 0 | G5: =CONCATENATE("Free trading line in ",Currency) -> Free trading line in EUR | H5: =H4*B5 -> 10000000
A7: Statistics
B8: Count | C8: Percent | D8: =CONCATENATE("Gross P/L in ",Currency) -> Gross P/L in EUR | E8: =CONCATENATE("Average per trade in ",Currency) -> Average per trade in EUR | F8: =CONCATENATE("Largest trade in ",Currency) -> Largest trade in EUR | G8: Max consecutive wins | H8: =CONCATENATE("Max consecutive wins in ",Currency) -> Max consecutive wins in EUR | I8: =CONCATENATE("Absolute drawdown in ",Currency) -> Absolute drawdown in EUR | J8: Profit Factor
A9: Total of trades | B9: =COUNT('Position Report'!J:J) -> 1 | D9: =D5 -> 0 | E9: =D5/B9 -> 0 | F9: =MAX('Position Report'!J:J) -> 0 | G9: =MAX('Position Report'!V:V) -> 0 | H9: {=INDIRECT("'Position Report'!"&ADDRESS(MATCH(MAX('Position Report'!V:V),'Position Report'!V:V,0),23))} -> 0 | I9: =(MIN('Position Report'!Q:Q)) -> 0 | J9: =D10/D11 -> #DIV/0!
A10: Positives Trades | B10: =COUNTIF('Position Report'!J:J,">0") -> 0 | C10: =B10/B9 -> 0 | D10: =SUMIF('Position Report'!J:J,">0",'Position Report'!J:J) -> 0 | E10: =AVERAGEIF('Position Report'!J:J,">0",'Position Report'!J:J) -> #DIV/0! | F10: =CONCATENATE("Lowest trade in ",Currency) -> Lowest trade in EUR | G10: Max consecutive losses | H10: =CONCATENATE("Max consecutive losses in ",Currency) -> Max consecutive losses in EUR | I10: Absolute drawdown in % | J10: Expected Payoff
A11: Negatives Trades | B11: =COUNTIF('Position Report'!J:J,"<0") -> 0 | C11: =B11/B9 -> 0 | D11: =ABS(SUMIF('Position Report'!J:J,"<0",'Position Report'!J:J)) -> 0 | E11: =AVERAGEIF('Position Report'!J:J,"<0",'Position Report'!J:J) -> #DIV/0! | F11: =MIN('Position Report'!J:J) -> 0 | G11: =ABS(MIN('Position Report'!V:V)-1) -> 1 | H11: {=INDIRECT("'Position Report'!"&ADDRESS(MATCH(MIN('Position Report'!V:V),'Position Report'!V:V,0),23))} -> 0 | I11: =I9/D4 -> 0 | J11: =(C10-C11)/B9 -> 0
C13: Calculation of risk
C14: Risk | D14: in % | E14: Profit factor (Risk X Ratio) | F14: =CONCATENATE("Max loss in ",Currency) -> Max loss in EUR | G14: =CONCATENATE("Expected Gain in ",Currency) -> Expected Gain in EUR
D15: 3 | E15: 3 | F15: =((F4/100)*D15) -> 3000 | G15: =F15*E15 -> 9000
E16: Ask | F16: Bid | G16: Spread
C17: Choose instrument | D17: EUR/USD | E17: =VLOOKUP(D17,Instruments,2,FALSE) -> 1.25853 | F17: =VLOOKUP(D17,Instruments,3,FALSE) -> 1.25843 | G17: =VLOOKUP(D17,Instruments,4,FALSE) -> 1
C18: Choose side | D18: SHORT
C19: In function of PIP
C20: Amount to trade | D20: =IF(D18="SHORT",F15/(VLOOKUP(D17,Instruments,6,FALSE)*Dashboard!F20),F15/(VLOOKUP(D17,Instruments,5,FALSE)*Dashboard!F20)) -> 1258340.1 | E20: Put your stop in PIP | F20: 30 | G20: =IF(F20<0,"Error: you cannot set a negative pip value","")
C21: Stop Loss | D21: =IF(D18="SHORT",F17+(F20/VLOOKUP(D17,Instruments,8,FALSE)),E17-(F20/VLOOKUP(D17,Instruments,8,FALSE))) -> 1.26143
C22: Take Profit | D22: =IF(D18="SHORT",F17-(F20*E15/VLOOKUP(D17,Instruments,8,FALSE)),E17+(F20*E15/VLOOKUP(D17,Instruments,8,FALSE))) -> 1.24943
C23: In Function of position of Stop Loss
C24: Put your SL | D24: 1.261 | E24: SL In pip | F24: =IF(D18="SHORT",ABS((D24-F17)*VLOOKUP(D17,Instruments,8,FALSE)),ABS((E17-D24)*VLOOKUP(D17,Instruments,8,FALSE))) -> 25.7 | G24: =IF(OR(AND(D18="SHORT",D24>F17),(AND(D18="LONG",D24<E17))),"","Error: you cannot be long with a SL greater than the spot or short with a SL lesser than the spot")
C25: Amount to trade | D25: =IF(D18="SHORT",(F15/VLOOKUP(D17,Instruments,6,FALSE))/Dashboard!F24,(F15/VLOOKUP(D17,Instruments,5,FALSE))/Dashboard!F24) -> 1468879.5
C26: Take profit | D26: =IF(D18="SHORT",F17-(F26/VLOOKUP(D17,Instruments,8,FALSE)),E17+(F26/(VLOOKUP(D17,Instruments,8,FALSE)))) -> 1.25072 | E26: TP in PIP | F26: =F24*E15 -> 77.1
C27: In function of Take Profit
C28: Put your TP | D28: 1.251 | E28: TP in PIP | F28: =IF(D18="SHORT",ABS((D28-F17)*VLOOKUP(D17,Instruments,8,FALSE)),ABS((E17-D28)*VLOOKUP(D17,Instruments,8,FALSE))) -> 74.3 | G28: =IF(OR(AND(D18="SHORT",D28<F17),(AND(D18="LONG",D28>E17))),"","Error: you cannot be long with a SL greater than the spot or short with a SL lesser than the spot")
C29: Amount to trade | D29: =IF(D18="SHORT",((F15*E15)/VLOOKUP(D17,Instruments,6,FALSE))/Dashboard!F28,((F15*E15)/VLOOKUP(D17,Instruments,5,FALSE))/Dashboard!F28) -> 1524234.4
C30: Stop Loss | D30: =IF(D18="SHORT",F17+(F30/VLOOKUP(D17,Instruments,8,FALSE)),E17-(F30/(VLOOKUP(D17,Instruments,8,FALSE)))) -> 1.2609067 | E30: SL in PIP | F30: =F28/E15 -> 24.766667
C32: Only the cells in yellow are allowed to change
C34: The password to unlock the sheet is: admin

Sheet DDEJFOREX
A1: SPOT
A2: Paire | B2: Ask | C2: Bid | D2: Spread | E2: Cost for 1 Ask | F2: Cost For 1 Bid | G2: Cost for 1 lot | H2: Scale | K2: Currency | L2: EUR | N2: YES | O2: LONG
A3: AUD/CAD | B3: 1.04283 | C3: 1.04259 | D3: =IF(COUNTIF(A3,"*JPY*")=1,(B3-C3)*100,(B3-C3)*10000) -> 2.4 | E3: 7.7596679e-05 | F3: 7.7608301e-05 | G3: =F3*1000 -> 0.077608301 | H3: =POWER(10,I3) -> 10000 | I3: 4 | K3: Base equity | L3: 100000 | N3: NO | O3: SHORT
A4: AUD/CHF | B4: 0.97259 | C4: 0.97239 | D4: =IF(COUNTIF(A4,"*JPY*")=1,(B4-C4)*100,(B4-C4)*10000) -> 2 | E4: 8.3200213e-05 | F4: 8.3212675e-05 | G4: =F4*100000 -> 8.3212675 | H4: =POWER(10,I4) -> 10000 | I4: 4 | K4: Balance | L4: 100000
A5: AUD/JPY | B5: 80.949 | C5: 80.937 | D5: =IF(COUNTIF(A5,"*JPY*")=1,(B5-C5)*100,(B5-C5)*10000) -> 1.2 | E5: 9.9960008e-05 | F5: 9.997498e-05 | G5: =F5*100000 -> 9.997498 | H5: =POWER(10,I5) -> 100 | I5: 2 | K5: Leverage | L5: 100
A6: AUD/USD | B6: 1.01835 | C6: 1.01821 | D6: =IF(COUNTIF(A6,"*JPY*")=1,(B6-C6)*100,(B6-C6)*10000) -> 1.4 | E6: 7.9457451e-05 | F6: 7.9469353e-05 | G6: =F6*100000 -> 7.9469353 | H6: =POWER(10,I6) -> 10000 | I6: 4
A7: CAD/CHF | B7: 0.9328 | C7: 0.9325 | D7: =IF(COUNTIF(A7,"*JPY*")=1,(B7-C7)*100,(B7-C7)*10000) -> 3 | E7: 8.3200213e-05 | F7: 8.3212675e-05 | G7: =F7*100000 -> 8.3212675 | H7: =POWER(10,I7) -> 10000 | I7: 4
A8: CAD/JPY | B8: 77.634 | C8: 77.62 | D8: =IF(COUNTIF(A8,"*JPY*")=1,(B8-C8)*100,(B8-C8)*10000) -> 1.4 | E8: 9.9960608e-05 | F8: 9.9975581e-05 | G8: =F8*100000 -> 9.9975581 | H8: =POWER(10,I8) -> 100 | I8: 2
A9: CHF/JPY | B9: 83.24 | C9: 83.226 | D9: =IF(COUNTIF(A9,"*JPY*")=1,(B9-C9)*100,(B9-C9)*10000) -> 1.4 | E9: 9.9960608e-05 | F9: 9.9975581e-05 | G9: =F9*100000 -> 9.9975581 | H9: =POWER(10,I9) -> 100 | I9: 2
A10: EUR/AUD | B10: 1.23598 | C10: 1.23578 | D10: =IF(COUNTIF(A10,"*JPY*")=1,(B10-C10)*100,(B10-C10)*10000) -> 2 | E10: 8.0909711e-05 | F10: 8.092183e-05 | G10: =F10*100000 -> 8.092183 | H10: =POWER(10,I10) -> 10000 | I10: 4 | M10: =POWER(10,L10) -> 1
A11: EUR/CAD | B11: 1.28876 | C11: 1.28861 | D11: =IF(COUNTIF(A11,"*JPY*")=1,(B11-C11)*100,(B11-C11)*10000) -> 1.5 | E11: 7.7595847e-05 | F11: 7.7607469e-05 | G11: =F11*100000 -> 7.7607469 | H11: =POWER(10,I11) -> 10000 | I11: 4
A12: EUR/CHF | B12: 1.20192 | C12: 1.20174 | D12: =IF(COUNTIF(A12,"*JPY*")=1,(B12-C12)*100,(B12-C12)*10000) -> 1.8 | E12: 8.3200213e-05 | F12: 8.3212675e-05 | G12: =F12*100000 -> 8.3212675 | H12: =POWER(10,I12) -> 10000 | I12: 4
A13: EUR/GBP | B13: 0.80636 | C13: 0.80625 | D13: =IF(COUNTIF(A13,"*JPY*")=1,(B13-C13)*100,(B13-C13)*10000) -> 1.1 | E13: 0.00012401657 | F13: 0.00012403515 | G13: =F13*100000 -> 12.403515 | H13: =POWER(10,I13) -> 10000 | I13: 4
A14: EUR/JPY | B14: 100.04 | C14: 100.027 | D14: =IF(COUNTIF(A14,"*JPY*")=1,(B14-C14)*100,(B14-C14)*10000) -> 1.3 | E14: 9.9960008e-05 | F14: 9.997498e-05 | G14: =F14*100000 -> 9.997498 | H14: =POWER(10,I14) -> 100 | I14: 2
A15: EUR/USD | B15: 1.25853 | C15: 1.25843 | D15: =IF(COUNTIF(A15,"*JPY*")=1,(B15-C15)*100,(B15-C15)*10000) -> 1 | E15: 7.9457867e-05 | F15: 7.9469769e-05 | G15: =F15*100000 -> 7.9469769 | H15: =POWER(10,I15) -> 10000 | I15: 4
A16: GBP/AUD | B16: 1.53299 | C16: 1.53267 | D16: =IF(COUNTIF(A16,"*JPY*")=1,(B16-C16)*100,(B16-C16)*10000) -> 3.2 | E16: 8.0911375e-05 | F16: 8.0923494e-05 | G16: =F16*100000 -> 8.0923494 | H16: =POWER(10,I16) -> 10000 | I16: 4
A17: GBP/CAD | B17: 1.59846 | C17: 1.5981 | D17: =IF(COUNTIF(A17,"*JPY*")=1,(B17-C17)*100,(B17-C17)*10000) -> 3.6 | E17: 7.7595847e-05 | F17: 7.7607469e-05 | G17: =F17*100000 -> 7.7607469 | H17: =POWER(10,I17) -> 10000 | I17: 4
A18: GBP/CHF | B18: 1.49064 | C18: 1.4905 | D18: =IF(COUNTIF(A18,"*JPY*")=1,(B18-C18)*100,(B18-C18)*10000) -> 1.4 | E18: 8.3200213e-05 | F18: 8.3212675e-05 | G18: =F18*100000 -> 8.3212675 | H18: =POWER(10,I18) -> 10000 | I18: 4
A19: GBP/JPY | B19: 124.078 | C19: 124.063 | D19: =IF(COUNTIF(A19,"*JPY*")=1,(B19-C19)*100,(B19-C19)*10000) -> 1.5 | E19: 9.9960008e-05 | F19: 9.997498e-05 | G19: =F19*100000 -> 9.997498 | H19: =POWER(10,I19) -> 100 | I19: 2
A20: GBP/USD | B20: 1.56093 | C20: 1.56076 | D20: =IF(COUNTIF(A20,"*JPY*")=1,(B20-C20)*100,(B20-C20)*10000) -> 1.7 | E20: 7.9457867e-05 | F20: 7.9469769e-05 | G20: =F20*100000 -> 7.9469769 | H20: =POWER(10,I20) -> 10000 | I20: 4
A21: USD/CAD | B21: 1.02403 | C21: 1.02392 | D21: =IF(COUNTIF(A21,"*JPY*")=1,(B21-C21)*100,(B21-C21)*10000) -> 1.1 | E21: 7.7595847e-05 | F21: 7.7607469e-05 | G21: =F21*100000 -> 7.7607469 | H21: =POWER(10,I21) -> 10000 | I21: 4
A22: USD/CHF | B22: 0.95507 | C22: 0.95497 | D22: =IF(COUNTIF(A22,"*JPY*")=1,(B22-C22)*100,(B22-C22)*10000) -> 1 | E22: 8.3200213e-05 | F22: 8.3212675e-05 | G22: =F22*100000 -> 8.3212675 | H22: =POWER(10,I22) -> 10000 | I22: 4
A23: USD/JPY | B23: 79.493 | C23: 79.487 | D23: =IF(COUNTIF(A23,"*JPY*")=1,(B23-C23)*100,(B23-C23)*10000) -> 0.6 | E23: 9.9960608e-05 | F23: 9.9975581e-05 | G23: =F23*100000 -> 9.9975581 | H23: =POWER(10,I23) -> 100 | I23: 2

Sheet Position Report
A1: =CONCATENATE("Postition Reports (Note all the currencies are in ",Currency,")") -> Postition Reports (Note all the currencies are in EUR)
A2: Position ID | B2: Side | C2: Instrument | D2: Amount | E2: Open Price | F2: Close Price | G2: P/L | H2: Swaps | I2: Vol. commision | J2: Gross P/L | K2: Open Date | L2: Close Date | M2: Duration | N2: SL | O2: TP | P2: TL | Q2: Cumul | R2: P/L in Pip | S2: Comments | T2: signe | U2: signe decaler | V2: Cumul p/l | W2: Cumul in money
A3: 0 | B3: SHORT | C3: EUR/USD | D3: 0 | E3: 0 | F3: 0 | G3: 0 | H3: 0 | I3: 0 | J3: =SUM(Tableau2[[#This Row],[P/L]:[Vol. commision]]) -> 0 | K3: 29221 | L3: 29221 | M3: =Tableau2[[#This Row],[Close Date]]-Tableau2[[#This Row],[Open Date]] -> 0 | Q3: =SUM(OFFSET($A2,1,9),OFFSET($A2,0,16)) -> 0 | R3: =IF('Position Report'!$G3>0,ABS(('Position Report'!$F3-'Position Report'!$E3)*IF(COUNTIF(C3,"*JPY*")=1,100,10000)),-ABS(('Position Report'!$F3-'Position Report'!$E3)*IF(COUNTIF(C3,"*JPY*")=1,100,10000))) -> 0 | S3: Do not delete this file but modify it ! | T3: =SIGN(Tableau2[[#This Row],[P/L in Pip]]) -> 0 | U3: =IF(ISNUMBER(OFFSET($A2,0,19)),OFFSET($A2,0,19),OFFSET($A2,1,19)) -> 0 | V3: =IF(Tableau2[[#This Row],[signe]]=Tableau2[[#This Row],[signe decaler]],SUM(OFFSET($A3,0,19),OFFSET($A3,-1,21)),OFFSET($A3,0,19)) -> 0 | W3: =IF(Tableau2[[#This Row],[Cumul p/l]]<>0,SUM(OFFSET($A2,1,9),OFFSET($A2,0,16)),0) -> 0

Sheet Deposit Log
D1: Deposit's log
D2: Date | E2: Deposit or withdrawal | F2: Currency
D3: 29221 | E3: 100000 | F3: EUR
C4: =IF(B4<>0,Currency,"")
C5: =IF(B5<>0,Currency,"")
C6: =IF(B6<>0,Currency,"")
C7: =IF(B7<>0,Currency,"")
C8: =IF(B8<>0,Currency,"")
C9: =IF(B9<>0,Currency,"")
C10: =IF(B10<>0,Currency,"")
C11: =IF(B11<>0,Currency,"")
C12: =IF(B12<>0,Currency,"")
C13: =IF(B13<>0,Currency,"")
C14: =IF(B14<>0,Currency,"")
C15: =IF(B15<>0,Currency,"")
... C39: =IF(B39<>0,Currency,"")

Sheet Graphs PL
